AoeStats
← marc10der

Arabia

510487321Analyzed
1v1 RM · 17h ago on Oct 1, 2026· 95m 48s· 2 players
Game mode
Random Map
Map size
Tiny (2 player)
Population
200
Speed
Normal
Resources
Standard
Victory
Conquest
Starting age
Dark Age
Ending age
Imperial Age
RankedLock teamsTeams togetherTeam positionsShared explorationLock speedFull tech treeHidden civsTurbo modeCheats
Victory
Defeat
🇨🇿 Shu · Czechia
835
+15
🇨🇭 Japanese · Switzerland
808
-15
marc10der
0:39 Loom
12:18 Feudal Age
16:24 Horse Collar
19:36 Castle Age
25:38 Stone Mining
25:45 Gold Mining
25:57 Heavy Plow
28:46 Double-Bit Axe
30:45 Bow Saw
35:09 Imperial Age
50:07 Wheelbarrow
49:18 Town Watch
51:04 Gold Shaft Mining
56:30 Two-Man Saw
59:05 Husbandry
60:59 Scale Barding Armor
61:07 Forging
60:57 Scale Mail Armor
61:13 Cavalier
63:12 Chain Barding Armor
62:50 Elite Skirmisher
76:38 Iron Casting
76:19 Chain Mail Armor
92:06 Man-at-Arms
92:32 Gambesons
TvojeMama4355
7:11 Loom
10:47 Feudal Age
11:14 Double-Bit Axe
11:12 Horse Collar
20:55 Castle Age
21:13 Fletching
25:15 Wheelbarrow
26:24 Heavy Plow
26:53 Forging
26:48 Squires
26:34 Arson
29:26 Scale Barding Armor
29:25 Scale Mail Armor
30:16 Town Watch
31:39 Chain Mail Armor
38:24 Imperial Age
38:11 Chain Barding Armor
38:48 Bodkin Arrow
43:50 Bolt Magazine
53:06 Plate Mail Armor
53:12 Plate Barding Armor
57:52 Bow Saw
57:39 Gold Mining
60:15 Hand Cart
60:41 Elite White Feather Guard
61:23 Coiled Serpent Array
62:56 Town Patrol
64:40 Ballistics
64:37 Siege Engineers
71:50 Masonry
71:26 Treadmill Crane
71:32 Heavy Hei Guang Cavalry
72:13 Husbandry
Connection lost

Rejoining the realm…

Still unreachable

The connection could not be restored.

Session expired

The server has moved on; the page needs a fresh start.